 Dungeon Crawl Stone Soup version 0.27.1-37-g7b29ead8ac (webtiles) character file.

Game seed: 1881799824424340453

136 coffeetime the Grave Robber (level 4, -8/38 HPs)
             Began as a Deep Dwarf Necromancer on July 1, 2023.
             Killed by nerve-wracking pain
             ... invoked by an orc priest
              (11 damage)
             ... on level 4 of the Dungeon.
             The game lasted 00:16:29 (2929 turns).

coffeetime the Grave Robber (DDNe)                  Turns: 2929, Time: 00:16:31

Health: -8/38      AC:  3    Str: 13    XL:     4   Next: 98%
Magic:  2/6        EV: 12    Int: 15    God:
Gold:   180        SH:  0    Dex: 13    Spells: 4/8 levels left

rFire    . . .     SeeInvis .   a - +0 trident
rCold    . . .     Faith    .   (no shield)
rNeg     . . .     Spirit   .   l - +0 leather armour
rPois    .         Reflect  .   (no helmet)
rElec    .         Harm     .   (no cloak)
rCorr    .         Rampage  .   (no gloves)
Will     .....                  (no boots)
Stlth    ++........             (no amulet)
HPRegen  0.00/turn              (no ring)
MPRegen  0.10/turn              (no ring)

@: no status effects
A: damage resistance, heal wounds, sense surroundings 1, no regeneration
a: Heal Wounds


You were on level 4 of the Dungeon.
You visited 1 branch of the dungeon, and saw 4 of its levels.

You collected 180 gold pieces.

Inventory:

Hand Weapons
 a - a +0 trident (weapon)
 b - a +0 hunting sling
 c - a +0 short sword
 g - a +0 spear
 p - a +0 rapier
 B - a +0 mace
Missiles
 d - 87 stones
 h - 24 arrows
 j - 24 bolts
 n - 7 boomerangs
 s - 15 poisoned darts
Armour
 l - a +0 leather armour (worn)
 y - a +0 robe
 D - a +0 ring mail
Wands
 u - a wand of mindburst (11)
 A - a wand of iceblast (9)
Scrolls
 e - a scroll of identify {unknown}
 i - 2 scrolls of teleportation {unknown}
 k - a scroll of immolation
 m - a scroll of fear {unknown}
 o - a scroll of brand weapon {unknown}
 r - a scroll of noise {unknown}
 t - a scroll of summoning {unknown}
 w - a scroll of fog {unknown}
Potions
 f - a potion of lignification {unknown}
 q - a potion of heal wounds {unknown}
 v - a potion of brilliance {unknown}
 x - a potion of flight {unknown}
 z - 2 potions of attraction {unknown}
 C - a potion of mutation {unknown}


   Skills:
 * Level 1.2 Fighting
 + Level 0.7 Slings
 + Level 1.0 Armour
 + Level 2.6 Dodging
 + Level 2.5 Stealth
 - Level 0.2 Unarmed Combat
 + Level 2.5 Spellcasting
 * Level 5.5 Necromancy


You had 4 spell levels left.
You knew the following spells:

 Your Spells              Type           Power      Damage    Failure   Level
a - Pain                  Necr           72%        1d7       2%          1
b - Vampiric Draining     Necr           9%         2d7       9%          3

Your spell library contained the following spells:

 Spells                   Type           Power      Damage    Failure   Level
 Animate Skeleton         Necr           36%        N/A       2%          1
 Apportation              Tloc           2%         N/A       26%         1
 Corona                   Hex            1%         N/A       26%         1
 Shock                    Conj/Air       4%         1d3       26%         1
 Summon Small Mammal      Summ           4%         N/A       26%         1
 Animate Dead             Necr           9%         N/A       26%         4
 Swiftness                Air            1%         N/A       63%         3
 Airstrike                Air            0%         N/A       95%         4
 Agony                    Necr           18%        N/A       58%         5


Dungeon Overview and Level Annotations

Branches:
Dungeon (4/15)
 Temple: D:4-7

Altars:
Elyvilon

Annotations:
D:4 Edmund


Innate Abilities, Weirdness & Mutations

You are resistant to damage.
You can heal yourself by infusing magical energy.
You passively map a small area around you.
You do not regenerate.


Message History

The orc priest is severely wounded.
The orc priest closely misses you.
You barely miss the orc priest.
The orc priest is severely wounded.
The orc priest hits you with a +0 club. The orc priest closely misses you.
You hit the orc priest but do no damage.
The orc priest is severely wounded.
The orc priest hits you with a +0 club. x2
You closely miss the orc priest.
The orc priest is severely wounded.
The orc priest hits you with a +0 club. x2
Casting: Vampiric Draining (dangerous; 9% risk of failure)
Confirm with . or Enter, or press ? or * to list all spells.
You don't have enough magic to cast this spell.
You hit the orc priest.
The orc priest is severely wounded.
The orc priest mumbles some strange prayers to Beogh against you.
Pain shoots through your body!
* * * LOW HITPOINT WARNING * * *
The orc priest looks satisfied for a moment.
You hit the orc priest but do no damage.
The orc priest is severely wounded.
The orc priest invokes the aid of Beogh against you.
You struggle to resist.
The orc priest hits you with a +0 club.
Casting: Vampiric Draining (dangerous; 9% risk of failure)
Confirm with . or Enter, or press ? or * to list all spells.
You don't have enough magic to cast this spell.
Unknown command.
You barely miss the orc priest.
The orc priest is severely wounded.
The orc priest hits you but does no damage.
The orc priest looks braver for a moment.
You hit the orc priest but do no damage.
The orc priest is severely wounded.
The orc priest hits you with a +0 club.
* * * LOW HITPOINT WARNING * * *
The jelly jiggles.
The orc priest invokes the aid of Beogh against you.
Pain shoots through your body!
You die...

, * *, ##.#.## ###
#..... ... , #, #..#.#
.. ,####.##..#o#S#.# *
, , ..........o.o..# ,
, *#######.#######...,
* #..J# ,* * <
......#o#,, , ,
#######@# , , , ,
#.......# , ,+ ,
*#.#####.# ,, ...#. * *
#.# , * .... #.# *,* ,
...#* # #.##* * ,...#*
* ####. #..# ...,
**#.....####..# ##.##
#.....).#########...###


You could see a jelly and an orc priest (fast).

Vanquished Creatures
  6 adders
  A worm (D:2)
  4 dart slugs
  4 orcs
  3 ball pythons
  7 endoplasms
  A giant cockroach (D:3)
  4 goblins
  6 hobgoblins
  3 quokkas
  12 bats
  4 frilled lizards
  9 kobolds
  3 rats
67 creatures vanquished.

Notes
Turn   | Place    | Note
-------+----------+-------------------------------------------
     0 | D:1      | coffeetime the Deep Dwarf Necromancer began the quest for
                  | the Orb.
     0 | D:1      | Reached XP level 1. HP: 15/15 MP: 3/3
   270 | D:1      | Reached XP level 2. HP: 11/22 MP: 2/4
   624 | D:1      | Found a faded altar of an unknown god.
  1034 | D:2      | Reached XP level 3. HP: 26/30 MP: 0/5
  1138 | D:2      | Learned a level 3 spell: Vampiric Draining
  1375 | D:2      | Reached skill level 5 in Necromancy
  1510 | D:2      | Reached skill level 1 in Fighting
  1722 | D:2      | Reached XP level 4. HP: 31/38 MP: 3/6
  2006 | D:3      | Reached skill level 1 in Armour
  2583 | D:3      | Found a white marble altar of Elyvilon.
  2859 | D:4      | Noticed Edmund
  2929 | D:4      | Killed from afar by an orc priest

Illustrated notes

Levels and vault maps discovered:
D:1:      co_arrival_random_square_maze, layout_basic,
          hellmonk_ecumenical_altar_blasted
D:2:      layout_basic, minmay_cut_off
D:3:      layout_rooms, elyvilon_altar_1, grunt_decor_mini_mirrors,
          serial_bayou_pond_e
D:4:      layout_loops_ring, minmay_temple_entry_statues_fountains,
          gammafunk_ghost_necromancy, serial_shops, kennysheep_mini_moat,
          uniq_sigmund, uniq_ijyb, uniq_grinder, uniq_edmund

Skill      XL: |  1  2  3  4 |
---------------+-------------+-----
Spellcasting   | 2 |  2.5
Necromancy     | 5 |  5.5
Fighting       | 1 |  1.2
Armour         | 1 |  1.0
Slings         | |  0.7
Dodging        | |  2.6
Stealth        | |  2.5
Unarmed Combat | |  0.2

Action                   |  1- 3 |  4- 6 || total
-------------------------+-------+-------++-------
Melee: Unarmed           |     7 |       ||     7
       Trident           |       |    45 ||    45
 Fire: Hunting sling     |    87 |    35 ||   122
 Cast: Pain              |    34 |     9 ||    43
       Vampiric Draining |       |     9 ||     9
 Abil: Heal Wounds       |     1 |       ||     1
 Stab: Sleeping          |       |     2 ||     2
Armor: Leather armour    |    14 |    10 ||    24
       Robe              |     2 |       ||     2
Dodge: Dodged            |    32 |    30 ||    62
